AoeStats
← Stijn Arns

Arabia

510715876Analyzed
1v1 RM · 1d ago on Oct 2, 2026· 18m 48s· 2 players
Game mode
Random Map
Map size
Tiny (2 player)
Population
200
Speed
Normal
Resources
Standard
Victory
Conquest
Starting age
Dark Age
Ending age
Imperial Age
RankedLock teamsTeams togetherTeam positionsShared explorationLock speedFull tech treeHidden civsTurbo modeCheats
Victory
Defeat
🇺🇸 Bulgarians · United States
765
+17
🇧🇪 Byzantines · Belgium
780
-43
silentslyguy
10:49 Feudal Age
11:29 Double-Bit Axe
11:26 Horse Collar
13:50 Arson
14:31 Gold Mining
16:54 Scale Mail Armor
17:05 Forging
Stijn Arns
10:22 Feudal Age
9:46 Loom
10:52 Horse Collar
11:00 Double-Bit Axe
Connection lost

Rejoining the realm…

Still unreachable

The connection could not be restored.

Session expired

The server has moved on; the page needs a fresh start.